| TOP OF THE 1ST |
|
Salem Rebels batting - Pitching for Burlington Senators : RHP Thomas Bloemke
|
|
Pitching: RHP Thomas Bloemke
|
|
|
Batting: LHB John Gibbons
|
0-0: Swinging Strike 0-1: Swinging Strike 0-2: Ball 1-2: Ball 2-2: Ball 3-2: Strikes out swinging
|
|
Batting: RHB Daniel Szajko
|
0-0: Ball 1-0: Foul Ball, location: 2F 1-1: Ball 2-1: Ball 3-1: Reached on error, E6 (Groundball, 6, EV 106.3 MPH)
|
|
Batting: LHB Thomas Krupa
|
0-0: Swinging Strike 0-1: Swinging Strike 0-2: Ball 1-2: Foul Ball, location: 2F 1-2: Fly out, F7 (Flyball, 7, EV 85.0 MPH)
|
|
Batting: RHB Jorge Monroig
|
0-0: Ball 1-0: Called Strike 1-1: Fly out, F9 (Flyball, 89XD, EV 101.9 MPH)
|
| Top of the 1st over - 0 runs, 0 hits, 1 error, 1 left on base; Salem 0 - Burlington 0 |
| BOTTOM OF THE 1ST |
|
Burlington Senators batting - Pitching for Salem Rebels : RHP Gary Johnson
|
|
Pitching: RHP Gary Johnson
|
|
|
Batting: LHB Daniel Spain
|
0-0: Ball 1-0: Called Strike 1-1: Ball 2-1: Ground out 4-3 (Groundball, 34, EV 82.5 MPH)
|
|
Batting: RHB Richard Hatcher
|
0-0: Hit by Pitch
|
|
Batting: LHB John Skorochocki
|
0-0: Ball 1-0: Ball 2-0: Called Strike 2-1: Fielders Choice at 2nd, 4-6 (Groundball, 34, EV 79.4 MPH)
|
|
Batting: RHB Rick Schu
|
0-0: Ball 1-0: Fly out, F8 (Line Drive, 8RD, EV 95.6 MPH)
|
| Bottom of the 1st over - 0 runs, 0 hits, 0 errors, 1 left on base; Salem 0 - Burlington 0 |
| TOP OF THE 2ND |
|
Salem Rebels batting - Pitching for Burlington Senators : RHP Thomas Bloemke
|
|
Batting: RHB Dennis Cleveland
|
0-0: Ball 1-0: Called Strike 1-1: Ball 2-1: DOUBLE (Flyball, 9LD, EV 112.5 MPH)
|
|
Batting: RHB Robert O'Connor
|
0-0: Ball 1-0: Ball 2-0: Ball 3-0: Base on Balls
|
|
Batting: SHB Kelvin Hudson
|
0-0: Fielders Choice at 2nd, 6-4 (Groundball, 6M, EV 89.4 MPH) Dennis Cleveland to third
|
|
Batting: RHB Melvin Williams
|
0-0: Called Strike 0-1: Grounds into double play, 4-6-3 (Groundball, 4, EV 87.5 MPH)
|
| Top of the 2nd over - 0 runs, 1 hit, 0 errors, 1 left on base; Salem 0 - Burlington 0 |
| BOTTOM OF THE 2ND |
|
Burlington Senators batting - Pitching for Salem Rebels : RHP Gary Johnson
|
|
Batting: RHB Joseph Lorenz
|
0-0: Ball 1-0: Ball 2-0: Foul Ball, location: 2F 2-1: Called Strike 2-2: Ball 3-2: Foul Ball, location: 2F 3-2: Strikes out swinging
|
|
Batting: LHB Jesus Sandoval
|
0-0: Ball 1-0: Foul Ball, location: 2F 1-1: Foul Ball, location: 2F 1-2: Ball 2-2: Ball 3-2: Base on Balls
|
|
Batting: RHB Glenn Millhauser
|
0-0: Ball 1-0: Ball 2-0: Called Strike 2-1: Ball 3-1: Foul Ball, location: 2F 3-2: Base on Balls Jesus Sandoval to second
|
|
Batting: RHB Ronnie Mears
|
0-0: Foul Ball, location: 2F 0-1: Ball 1-1: Foul Ball, location: 2F 1-2: Fly out, F9 (Flyball, 9D, EV 103.1 MPH) Runner from 2nd tags up, SAFE at 3rd, no throw by RF
|
|
Batting: RHB Brad Bauman
|
0-0: Ball 1-0: Foul Ball, location: 2F 1-1: Ball 2-1: Swinging Strike 2-2: Strikes out swinging
|
| Bottom of the 2nd over - 0 runs, 0 hits, 0 errors, 2 left on base; Salem 0 - Burlington 0 |
| TOP OF THE 3RD |
|
Salem Rebels batting - Pitching for Burlington Senators : RHP Thomas Bloemke
|
|
Batting: RHB Dwayne Wright
|
0-0: Ball 1-0: SINGLE (Groundball, 6MD, EV 101.9 MPH)
|
|
Batting: LHB John Gibbons
|
0-0: Called Strike 0-1: Ball 1-1: Fly out, F8 (Flyball, 8RD, EV 108.1 MPH)
|
|
Batting: RHB Daniel Szajko
|
0-0: Ball 1-0: Ball 2-0: Foul Ball, location: 2F 2-1: Swinging Strike 2-2: Ball 3-2: Fly out, F8 (Flyball, 8RD, EV 88.1 MPH)
|
|
Batting: LHB Thomas Krupa
|
0-0: Ball 1-0: Called Strike 1-1: Ball 2-1: Foul Ball, location: 2F 2-2: Fly out, F7 (Line Drive, 7, EV 108.1 MPH)
|
| Top of the 3rd over - 0 runs, 1 hit, 0 errors, 1 left on base; Salem 0 - Burlington 0 |
| BOTTOM OF THE 3RD |
|
Burlington Senators batting - Pitching for Salem Rebels : RHP Gary Johnson
|
|
Batting: LHB Daniel Spain
|
0-0: Ball 1-0: Called Strike 1-1: SINGLE (Line Drive, 56D, EV 95.0 MPH)
|
|
Batting: RHB Richard Hatcher
|
0-0: Called Strike 0-1: Grounds into double play, 6-4-3 (Groundball, 6, EV 86.9 MPH)
|
|
Batting: LHB John Skorochocki
|
0-0: Ball 1-0: Ball 2-0: Called Strike 2-1: Fly out, F7 (Flyball, 7S, EV 81.3 MPH)
|
| Bottom of the 3rd over - 0 runs, 1 hit, 0 errors, 0 left on base; Salem 0 - Burlington 0 |
| TOP OF THE 4TH |
|
Salem Rebels batting - Pitching for Burlington Senators : RHP Thomas Bloemke
|
|
Batting: RHB Jorge Monroig
|
0-0: Ground out 6-3 (Groundball, 6, EV 101.3 MPH)
|
|
Batting: RHB Dennis Cleveland
|
0-0: Called Strike 0-1: Foul Ball, location: 2F 0-2: Ball 1-2: Fly out, F4 (Popup, 4MD, EV 55.0 MPH)
|
|
Batting: RHB Robert O'Connor
|
0-0: Ball 1-0: Foul Ball, location: 2F 1-1: Ball 2-1: Ball 3-1: Foul Ball, location: 2F 3-2: SINGLE (Line Drive, 9S, EV 103.8 MPH)
|
|
Batting: SHB Kelvin Hudson
|
0-0: Ball 1-0: Called Strike 1-1: Swinging Strike 1-2: Ground out 2-3 (Groundball, 15S, EV 65.6 MPH)
|
| Top of the 4th over - 0 runs, 1 hit, 0 errors, 1 left on base; Salem 0 - Burlington 0 |
| BOTTOM OF THE 4TH |
|
Burlington Senators batting - Pitching for Salem Rebels : RHP Gary Johnson
|
|
Batting: RHB Rick Schu
|
0-0: Called Strike 0-1: Foul Ball, location: 2F 0-2: Ball 1-2: Foul Ball, location: 2F 1-2: Ball 2-2: SINGLE (Flyball, 6D, EV 86.9 MPH)
|
|
Batting: RHB Joseph Lorenz
|
0-0: Ball 1-0: Fielders Choice at 2nd, 6-4 (Groundball, 6, EV 100.6 MPH)
|
|
Batting: LHB Jesus Sandoval
|
0-0: Ball 1-0: Called Strike 1-1: Ball 2-1: Fielders Choice at 2nd, 6-4 (Groundball, 56, EV 89.4 MPH)
|
|
Batting: RHB Glenn Millhauser
|
0-0: Called Strike 0-1: Ball 1-1: Foul Ball, location: 2F 1-2: Ball 2-2: Fielders Choice at 2nd, 6-4 (Groundball, 6, EV 95.0 MPH)
|
| Bottom of the 4th over - 0 runs, 1 hit, 0 errors, 1 left on base; Salem 0 - Burlington 0 |
| TOP OF THE 5TH |
|
Salem Rebels batting - Pitching for Burlington Senators : RHP Thomas Bloemke
|
|
Batting: RHB Melvin Williams
|
0-0: Foul Ball, location: 2F 0-1: Foul Ball, location: 2F 0-2: Foul Ball, location: 2F 0-2: Ground out 1-3 (Groundball, 13, EV 67.5 MPH)
|
|
Batting: RHB Dwayne Wright
|
0-0: Called Strike 0-1: Ball 1-1: Ball 2-1: Swinging Strike 2-2: Ball 3-2: Foul Ball, location: 2F 3-2: Ground out 6-3 (Groundball, 6, EV 106.3 MPH)
|
|
Batting: LHB John Gibbons
|
0-0: Fly out, F6 (Popup, 15, EV 86.9 MPH)
|
| Top of the 5th over - 0 runs, 0 hits, 0 errors, 0 left on base; Salem 0 - Burlington 0 |
| BOTTOM OF THE 5TH |
|
Burlington Senators batting - Pitching for Salem Rebels : RHP Gary Johnson
|
|
Batting: RHB Ronnie Mears
|
0-0: Called Strike 0-1: Ball 1-1: Foul Ball, location: 2F 1-2: Ground out 5-3 (Groundball, 56S, EV 83.8 MPH)
|
|
Batting: RHB Brad Bauman
|
0-0: Foul Ball, location: 2F 0-1: Foul Ball, location: 2F 0-2: Ball 1-2: Ball 2-2: Ball 3-2: Ground out 1-3 (Groundball, 34S, EV 61.3 MPH)
|
|
Batting: LHB Daniel Spain
|
0-0: Ball 1-0: Fly out, F4 (Popup, 4, EV 66.9 MPH)
|
| Bottom of the 5th over - 0 runs, 0 hits, 0 errors, 0 left on base; Salem 0 - Burlington 0 |
| TOP OF THE 6TH |
|
Salem Rebels batting - Pitching for Burlington Senators : RHP Thomas Bloemke
|
|
Batting: RHB Daniel Szajko
|
0-0: Called Strike 0-1: Ground out 6-3 (Groundball, 6S, EV 79.4 MPH)
|
|
Batting: LHB Thomas Krupa
|
0-0: Called Strike 0-1: Fly out, F7 (Flyball, 7, EV 89.4 MPH)
|
|
Batting: RHB Jorge Monroig
|
0-0: Foul Ball, location: 2F 0-1: Fly out, F8 (Flyball, 8LS, EV 81.9 MPH)
|
| Top of the 6th over - 0 runs, 0 hits, 0 errors, 0 left on base; Salem 0 - Burlington 0 |
| BOTTOM OF THE 6TH |
|
Burlington Senators batting - Pitching for Salem Rebels : RHP Gary Johnson
|
|
Batting: RHB Richard Hatcher
|
0-0: Ball 1-0: SINGLE (Groundball, P, EV 86.3 MPH) (infield hit)
|
|
Batting: LHB John Skorochocki
|
0-0: Ball 1-0: Ball 2-0: Foul Ball, location: 9LSF, Error on foul ball, E9 2-1: Grounds into double play, 6-4-3 (Groundball, 6, EV 110.6 MPH)
|
|
Batting: RHB Rick Schu
|
0-0: Ball 1-0: Ball 2-0: Ball 3-0: Base on Balls
|
|
Batting: RHB Joseph Lorenz
|
0-0: Ball 1-0: Ball Rick Schu steals 2nd base (no throw) 2-0: SINGLE (Groundball, 6MD, EV 108.8 MPH) Rick Schu to third Runner from 3rd tries for Home, SAFE, throw by CF to home
|
|
Batting: LHB Jesus Sandoval
|
0-0: Swinging Strike 0-1: Foul Ball, location: 2F 0-2: Strikes out swinging wild pitch, reaches first! Joseph Lorenz to second
|
|
Batting: RHB Glenn Millhauser
|
0-0: Called Strike 0-1: Foul Ball, location: 2F 0-2: Ball 1-2: Ball 2-2: Ball 3-2: Strikes out swinging
|
| Bottom of the 6th over - 1 run, 2 hits, 1 error, 2 left on base; Salem 0 - Burlington 1 |
| TOP OF THE 7TH |
|
Salem Rebels batting - Pitching for Burlington Senators : RHP Thomas Bloemke
|
|
Batting: RHB Dennis Cleveland
|
0-0: Ground out 3-1 (Groundball, 34S, EV 91.3 MPH)
|
|
Batting: RHB Robert O'Connor
|
0-0: Ball 1-0: Ball 2-0: Ball 3-0: Foul Ball, location: 2F 3-1: Base on Balls
|
|
Batting: SHB Kelvin Hudson
|
0-0: Called Strike 0-1: Ball 1-1: Foul Ball, location: 2F 1-2: Ball 2-2: Ball 3-2: Foul Ball, location: 2F 3-2: Foul Ball, location: 2F 3-2: Fielders Choice at 2nd, 5-4 (Groundball, 56S, EV 75.6 MPH)
|
|
Batting: RHB Melvin Williams
|
0-0: Ball 1-0: Foul Ball, location: 2F 1-1: Ball 2-1: Called Strike 2-2: Foul Ball, location: 2F 2-2: Ball 3-2: SINGLE (Flyball, 4MD, EV 85.6 MPH) Kelvin Hudson to second Kelvin Hudson to third
|
|
Batting: RHB Dwayne Wright
|
0-0: Ball 1-0: Ball 2-0: Swinging Strike 2-1: Ball 3-1: Fly out, F7 (Flyball, 78S, EV 86.9 MPH)
|
| Top of the 7th over - 0 runs, 1 hit, 0 errors, 2 left on base; Salem 0 - Burlington 1 |
| BOTTOM OF THE 7TH |
|
Burlington Senators batting - Pitching for Salem Rebels : RHP Gary Johnson
|
|
Batting: RHB Ronnie Mears
|
0-0: Called Strike 0-1: Foul Ball, location: 2F 0-2: Ground out 6-3 (Groundball, 6, EV 85.0 MPH)
|
|
Batting: RHB Brad Bauman
|
0-0: Ball 1-0: Foul Ball, location: 2F 1-1: Foul Ball, location: 2F 1-2: Ground out 4-3 (Groundball, 4, EV 79.4 MPH)
|
|
Batting: LHB Daniel Spain
|
0-0: Fly out, F9 (Flyball, 9S, EV 88.8 MPH)
|
| Bottom of the 7th over - 0 runs, 0 hits, 0 errors, 0 left on base; Salem 0 - Burlington 1 |
| TOP OF THE 8TH |
|
Salem Rebels batting - Pitching for Burlington Senators : RHP Thomas Bloemke
|
|
Batting: LHB John Gibbons
|
0-0: Ball 1-0: Foul Ball, location: 2F 1-1: Foul Ball, location: 2F 1-2: Foul Ball, location: 2F 1-2: Strikes out swinging
|
|
Batting: RHB Daniel Szajko
|
0-0: Ground out 6-3 (Groundball, 6, EV 91.9 MPH)
|
|
Batting: LHB Thomas Krupa
|
0-0: Ball 1-0: Ball 2-0: Foul Ball, location: 2F 2-1: Ball 3-1: SOLO HOME RUN (Flyball, 9LD, EV 105.0 MPH), Distance : 347 ft
|
|
Batting: RHB Jorge Monroig
|
0-0: Foul Ball, location: 2F 0-1: Swinging Strike 0-2: Ball 1-2: Strikes out swinging
|
| Top of the 8th over - 1 run, 1 hit, 0 errors, 0 left on base; Salem 1 - Burlington 1 |
| BOTTOM OF THE 8TH |
|
Burlington Senators batting - Pitching for Salem Rebels : RHP Gary Johnson
|
|
Batting: RHB Richard Hatcher
|
0-0: Ball 1-0: Ball 2-0: Ball 3-0: Called Strike 3-1: Base on Balls
|
|
Batting: LHB John Skorochocki
|
0-0: Called Strike 0-1: Ball 1-1: Foul Ball, location: 2F 1-2: Grounds into double play, 6-4-3 (Groundball, 6, EV 101.3 MPH)
|
|
Batting: RHB Rick Schu
|
0-0: Foul Ball, location: 2F 0-1: Ground out 6-3 (Groundball, 6, EV 105.0 MPH)
|
| Bottom of the 8th over - 0 runs, 0 hits, 0 errors, 0 left on base; Salem 1 - Burlington 1 |
| TOP OF THE 9TH |
|
Salem Rebels batting - Pitching for Burlington Senators : RHP Thomas Bloemke
|
|
Pitching: RHP Paul Boris
|
|
|
Batting: RHB Dennis Cleveland
|
0-0: Ball 1-0: Foul Ball, location: 2F 1-1: Foul Ball, location: 2F 1-2: Ball 2-2: Ball 3-2: Foul Ball, location: 2F 3-2: Base on Balls
|
|
Batting: RHB Robert O'Connor
|
0-0: Called Strike 0-1: Ball 1-1: Ball 2-1: Ball 3-1: Swinging Strike 3-2: Strikes out swinging Dennis Cleveland steals 2nd base Batter strikes out.
|
|
Batting: SHB Kelvin Hudson
|
0-0: Foul Ball, location: 2F 0-1: Ball 1-1: Ground out U3 (Groundball, 34, EV 91.9 MPH) Dennis Cleveland to third
|
|
Batting: RHB Melvin Williams
|
0-0: Intentional Walk
|
|
Pinch Hitting: SHB Rodrigo Bellony
|
0-0: Called Strike 0-1: Ground out 4-3 (Groundball, 4, EV 83.1 MPH)
|
| Top of the 9th over - 0 runs, 0 hits, 0 errors, 2 left on base; Salem 1 - Burlington 1 |
| BOTTOM OF THE 9TH |
|
Burlington Senators batting - Pitching for Salem Rebels : RHP Gary Johnson
|
|
Now at C: Mark Krynitsky
|
|
|
Batting: RHB Joseph Lorenz
|
0-0: SINGLE (Groundball, 6MD, EV 99.4 MPH)
|
|
Batting: LHB Jesus Sandoval
|
0-0: Ball 1-0: Ball 2-0: Foul Ball, location: 2F 2-1: Foul Ball, location: 2F 2-2: Strikes out swinging
|
|
Batting: RHB Glenn Millhauser
|
0-0: Ball 1-0: Ball 2-0: Ball 3-0: Called Strike 3-1: Bunt missed! 3-2: Base on Balls Joseph Lorenz to second
|
|
Pinch Hitting: RHB Richard Hertel
|
0-0: Fielders Choice at 2nd, 1-6 (Groundball, 13S, EV 62.5 MPH) Joseph Lorenz to third
|
|
Pinch Hitting: RHB Raymond Bresnahan
|
0-0: Ball 1-0: Ball 2-0: Ball 3-0: Called Strike 3-1: Base on Balls Richard Hertel to second
|
|
Batting: LHB Daniel Spain
|
0-0: Ball 1-0: Ball 2-0: Called Strike 2-1: Called Strike 2-2: Strikes out looking
|
| Bottom of the 9th over - 0 runs, 1 hit, 0 errors, 3 left on base; Salem 1 - Burlington 1 |
| TOP OF THE 10TH |
|
Salem Rebels batting - Pitching for Burlington Senators : RHP Paul Boris
|
|
Now at C: David Burroughs
|
|
|
Now at 3B: Richard Hertel
|
|
|
Batting: LHB John Gibbons
|
0-0: Called Strike 0-1: Ball 1-1: Ball 2-1: Swinging Strike 2-2: Strikes out swinging
|
|
Batting: RHB Daniel Szajko
|
0-0: Called Strike 0-1: Ball 1-1: Ball 2-1: Ball 3-1: Base on Balls
|
|
Pitching: RHP Mark Garland
|
|
|
Batting: LHB Thomas Krupa
|
0-0: Ball Daniel Szajko is caught stealing 2nd base 2-6 1-0: Fly out, F7 (Flyball, 7, EV 93.8 MPH)
|
| Top of the 10th over - 0 runs, 0 hits, 0 errors, 0 left on base; Salem 1 - Burlington 1 |
| BOTTOM OF THE 10TH |
|
Burlington Senators batting - Pitching for Salem Rebels : RHP Gary Johnson
|
|
Pitching: RHP Timothy Justus
|
|
|
Batting: RHB Richard Hatcher
|
0-0: Called Strike 0-1: Foul Ball, location: 2F 0-2: Ball 1-2: Foul Ball, location: 2F 1-2: Ball 2-2: Ball 3-2: Ground out 1-3 (Groundball, 13S, EV 71.9 MPH)
|
|
Batting: LHB John Skorochocki
|
0-0: Called Strike 0-1: Ball 1-1: Ground out 3-1 (Groundball, 34S, EV 85.6 MPH)
|
|
Batting: RHB Rick Schu
|
0-0: Ball 1-0: Ball 2-0: Swinging Strike 2-1: Swinging Strike 2-2: Strikes out swinging
|
| Bottom of the 10th over - 0 runs, 0 hits, 0 errors, 0 left on base; Salem 1 - Burlington 1 |
| TOP OF THE 11TH |
|
Salem Rebels batting - Pitching for Burlington Senators : RHP Mark Garland
|
|
Batting: RHB Jorge Monroig
|
0-0: Fly out, F9 (Line Drive, 9, EV 92.5 MPH)
|
|
Batting: RHB Dennis Cleveland
|
0-0: TRIPLE (Flyball, 9LD, EV 111.3 MPH)
|
|
Batting: RHB Robert O'Connor
|
0-0: Foul Ball, location: 2F 0-1: Ball 1-1: Foul Ball, location: 2F 1-2: Ball 2-2: Ball 3-2: Fly out, F9 (Flyball, 9D, EV 84.4 MPH) Runner from 3rd tags up, SCORES, no throw by RF
|
|
Batting: SHB Kelvin Hudson
|
0-0: Called Strike 0-1: Ball 1-1: Foul Ball, location: 2F 1-2: SINGLE (Flyball, 7LS, EV 96.3 MPH)
|
|
Batting: RHB Melvin Williams
|
0-0: Ball Kelvin Hudson steals 2nd base 1-0: Ball 2-0: Ball 3-0: Base on Balls
|
|
Batting: RHB Mark Krynitsky
|
0-0: Called Strike 0-1: Foul Ball, location: 2F 0-2: Ball 1-2: Fly out, F6 (Flyball, 6D, EV 90.0 MPH)
|
| Top of the 11th over - 1 run, 2 hits, 0 errors, 2 left on base; Salem 2 - Burlington 1 |
| BOTTOM OF THE 11TH |
|
Burlington Senators batting - Pitching for Salem Rebels : RHP Timothy Justus
|
|
Now at 1B: John Schaive
|
|
|
Batting: RHB Joseph Lorenz
|
0-0: Called Strike 0-1: Swinging Strike 0-2: Ball 1-2: Foul Ball, location: 2F 1-2: Ball 2-2: SINGLE (Groundball, 56D, EV 98.1 MPH)
|
|
Batting: LHB Jesus Sandoval
|
0-0: Ball 1-0: Called Strike 1-1: Ball 2-1: SINGLE (Line Drive, 56D, EV 96.3 MPH) Joseph Lorenz to second
|
|
Batting: RHB Glenn Millhauser
|
0-0: Ball 1-0: Ball 2-0: Sac Bunt to 2L - play at first, batter OUT! 2-4 Joseph Lorenz to third Jesus Sandoval to second
|
|
Batting: RHB Richard Hertel
|
0-0: Intentional Walk
|
|
Pinch Hitting: RHB James English
|
0-0: Ball 1-0: Called Strike 1-1: Ball 2-1: SINGLE (Groundball, 56D, EV 106.9 MPH) Joseph Lorenz scores Jesus Sandoval to third Richard Hertel to second
|
|
Batting: LHB Daniel Spain
|
0-0: Foul Ball, location: 2F 0-1: Ball 1-1: Grounds into fielders choice 6-2 (Groundball, 6, EV 102.5 MPH) Richard Hertel to third James English to second
|
|
Pitching: RHP Thomas LaGrave
|
|
|
Batting: RHB Richard Hatcher
|
0-0: Ball 1-0: Ball 2-0: Ball 3-0: Called Strike 3-1: Base on Balls Richard Hertel scores James English to third Daniel Spain to second
|
| Bottom of the 11th over - 2 runs, 3 hits, 0 errors, 0 left on base; Salem 2 - Burlington 3 |
|